 Dungeon Crawl Stone Soup version 0.28-b1-25-g9875b3fc8c (webtiles) character file.

Game seed: 2639860305796947290

100 crazypyro the Chopper (level 4, 30/35 HPs)
             Began as a Demonspawn Berserker on Feb 1, 2022.
             Was a Believer of Trog.
             Quit the game on level 2 of the Dungeon.
             The game lasted 00:01:54 (2566 turns).

crazypyro the Chopper (Demonspawn Berserker)        Turns: 2566, Time: 00:01:54

Health: 30/35      AC:  2    Str: 19    XL:     4   Next: 46%
Magic:  4/4        EV: 12    Int:  8    God:    Trog [**....]
Gold:   52         SH:  0    Dex: 13    Spells: 3/3 levels left

rFire   . . .      SeeInvis .   a - +0 hand axe
rCold   . . .      Faith    .   (no shield)
rNeg    . . .      Spirit   .   b - +0 animal skin
rPois   .          Reflect  .   (helmet restricted)
rElec   .          Harm     .   (no cloak)
rCorr   .          Rampage  .   (no gloves)
Will    .....                   (no boots)
Stlth   +.........              (no amulet)
HPRegen 0.11/turn               (no ring)
MPRegen 0.18/turn               (no ring)

@: no status effects
A: antennae 1, magic regeneration
a: Renounce Religion, Berserk, Trog's Hand


You were on level 2 of the Dungeon.
You worshipped Trog.
Trog was pleased with you.
You visited 1 branch of the dungeon, and saw 2 of its levels.

You collected 52 gold pieces.

Inventory:

Hand Weapons
 a - a +0 hand axe (weapon)
Armour
 b - a +0 animal skin (worn)
Scrolls
 c - a scroll of immolation {unknown}
 d - a scroll of identify {unknown}
 f - a scroll of vulnerability {unknown}
Potions
 e - 3 potions of degeneration {unknown}


   Skills:
 - Level 3.0 Fighting
 * Level 4.6 Axes
 - Level 2.0 Armour
 - Level 2.0 Dodging


You had 3 spell levels left.
You didn't know any spells.
Your spell library was empty.

Dungeon Overview and Level Annotations

Branches:
Dungeon (2/15)

Altars:


Innate Abilities, Weirdness & Mutations

You have a pair of small antennae on your head.
You regenerate magic rapidly.


Message History

You hit the jackal but do no damage.
The jackal is heavily wounded.
You hit the rat but do no damage. You barely miss the jackal.
The jackal barely misses you.
The jackal bites you but does no damage.
The jackal closely misses you. The rat closely misses you.
You slash the jackal!
You kill the jackal!
Trog accepts your kill.
You closely miss the rat. You closely miss the jackal.
The jackal barely misses you. The rat bites you.
You hit the rat.
The rat is severely wounded.
You hit the hobgoblin.
You kill the hobgoblin!
Trog accepts your kill.
You hit the jackal. The jackal closely misses you.
The jackal barely misses you.
The jackal bites you but does no damage.
The rat misses you.
You barely miss the jackal.
The jackal is severely wounded.
You hit the rat.
You kill the rat!
Trog accepts your kill.
You completely miss the jackal. The jackal barely misses you.
The jackal closely misses you. The jackal bites you.
You hit the jackal.
You kill the jackal!
Trog accepts your kill.
You hit the jackal. The jackal barely misses you.
The jackal closely misses you. The jackal barely misses you.
You hit the jackal.
You kill the jackal!
Trog accepts your kill.
No target in view!
No target in view!
Unknown command.
Are you sure you want to abandon this character and quit the game? (Confirm with "yes".)

#####........#>..#######
#.........##.#).........
#.###..##.##......######
#^# #..##......#.##
#.###..#####.##.##
#.##...# #.##.#
#.##...#####.##.#
#.##.........##'##
#......#######†@†#
####.### #.....# #..##
#.......#
#####...####.........#
...........'.........+
#####...####.........#
#..## ##.......## ##.#
##.....## .#


There were no monsters in sight!

Vanquished Creatures
  A howler monkey (D:2)
  2 adders (D:2)
  A worm (D:2)
  3 bats
  3 endoplasms
  A giant cockroach (D:2)
  3 hobgoblins
  3 jackals (D:2)
  2 quokkas
  2 ball pythons (D:1)
  3 frilled lizards
  7 goblins
  6 kobolds (D:1)
  6 rats
43 creatures vanquished.

Notes
Turn   | Place    | Note
-------+----------+-------------------------------------------
     0 | D:1      | crazypyro the Demonspawn Berserker began the quest for the
                  | Orb.
     0 | D:1      | Reached XP level 1. HP: 18/18 MP: 1/1
   442 | D:1      | Reached skill level 3 in Axes
   442 | D:1      | Discovered your monstrous ancestry.
   442 | D:1      | Gained mutation: You have a pair of small antennae on your
                  | head. [demonic ancestry]
   442 | D:1      | Reached XP level 2. HP: 19/24 MP: 2/2
  1379 | D:2      | Reached XP level 3. HP: 23/29 MP: 3/3
  1453 | D:2      | Reached ** piety under Trog
  1874 | D:2      | Found a faded altar of an unknown god.
  2158 | D:2      | Reached skill level 4 in Axes
  2347 | D:2      | Gained mutation: You regenerate magic rapidly. [demonic
                  | ancestry]
  2347 | D:2      | Reached XP level 4. HP: 23/35 MP: 4/4
  2566 | D:2      | Quit the game

Illustrated notes

Levels and vault maps discovered:
D:1:      lightli_arrival_noodles, layout_rooms, grunt_decor_mini_mirrors,
          minmay_misc_feat_hallway, minmay_misc_feat_ornament, grunt_decor_cap
D:2:      layout_loops_corners, dreamdust_ecumenical_altar_angels_and_demons,
          hex_medium

Skill      XL: |  1  2  3 |
---------------+----------+-----
Armour         | 2 |  2.0
Axes           | 3 4 |  4.6
Dodging        | 2 |  2.0
Fighting       | |  3.0

Action                   |  1- 3 |  4- 6 || total
-------------------------+-------+-------++-------
Melee: Hand axe          |   128 |     9 ||   137
       Punch             |     1 |       ||     1
 Stab: Sleeping          |     1 |       ||     1
Armor: Animal skin       |    13 |     3 ||    16
Dodge: Dodged            |    87 |    16 ||   103
